 Dungeon Crawl Stone Soup version 0.17-a0-1141-g3e25b61 (webtiles) character file.

14445 namelastname112 the Geomancer (level 11, -1/85 HPs)
             Began as a White Draconian Earth Elementalist on May 27, 2015.
             Was a High Priest of Vehumet.
             Slain by a freezing wraith (6 damage)
             ... in an ice cave.
             The game lasted 00:44:24 (16953 turns).

namelastname112 the Geomancer (DrEE)               Turns: 16953, Time: 00:44:24

Health: -1/85      AC: 12    Str: 16    XL:     11   Next: 88%
Magic:  4/26       EV: 14    Int: 18    God:    Vehumet [*****.]
Gold:   750        SH:  0    Dex: 12    Spells: 5 memorised, 16 levels left

rFire  . . .     SeeInvis .     b - +5 quarterstaff
rCold  + + .     Rnd*Rage +     (armour unavailable)
rNeg   . . .     SustAt   .     (no shield)
rPois  .         Gourm    +     (helmet restricted)
rElec  .         Spirit   .     g - +1 cloak
rCorr  .         Warding  .     M - +2 pair of gloves
rMut   .         Stasis   .     (no boots)
MR     .....                    K - amulet of the gourmand
Stlth  ++........               (no ring)
                                (no ring)

@: mighty, slowed, very slow, not resistant to hostile enchantments, unstealthy
A: breathe frost, unfitting armour, berserk 1, cold resistance 2, mutation
resistance 1, screaming 1, slow healing 1, wild magic 1, cold-blooded, AC +7
a: Breathe Frost, Renounce Religion


You were in an ice cave.
You worshipped Vehumet.
Vehumet was extremely pleased with you.
You were not hungry.

You visited 2 branches of the dungeon, and saw 15 of its levels.
You also visited: Sewer and Ice Cave.

You collected 750 gold pieces.

Inventory:

Hand weapons
 b - a +5 quarterstaff (weapon)
Missiles
 a - 184 stones (quivered)
Armour
 g - a +1 cloak (worn)
 M - a +2 pair of gloves (worn)
Jewellery
 K - an amulet of the gourmand (around neck)
Magical devices
 e - a wand of fireball (0)
 o - a wand of teleportation (8)
 s - a wand of random effects (23)
 y - a wand of polymorph (8)
Scrolls
 h - 2 scrolls of amnesia
 l - a scroll of blinking
 m - 2 scrolls of fog
 n - 6 scrolls of teleportation
 p - 5 scrolls of enchant weapon
 x - 5 scrolls of remove curse
 E - 2 scrolls of fear
 H - a scroll of recharging
 I - a scroll of magic mapping
Potions
 f - 4 potions of curing
 i - 2 potions of heal wounds
 j - 5 potions of lignification
 k - a potion of ambrosia
 r - a potion of resistance
 w - 4 potions of magic
 A - a potion of cure mutation
 B - 2 potions of flight
 F - a potion of degeneration
 J - a potion of berserk rage
 O - a potion of cancellation
 P - a potion of invisibility {unknown}
 Q - a potion of haste {unknown}
Books
 u - a book of Geomancy

   Spells                             Type                      Level
   a - Sandblast                      Earth                        1
   b - Stoneskin                      Transmutation/Earth          2
   c - Passwall                       Transmutation/Earth          3
   d - Stone Arrow                    Conjuration/Earth            3
   e - Petrify                        Transmutation/Earth          4
   f - Lee's Rapid Deconstruction     Earth                        5
Comestibles
 c - 3 bread rations
 N - 9 royal jellies


   Skills:
 - Level 4.7 Fighting
 - Level 4.4 Staves
 - Level 4.6 Dodging
 - Level 1.7 Stealth
 + Level 11.1 Spellcasting
 - Level 5.0 Transmutations
 + Level 12.2 Earth Magic


You had 16 spell levels left.
You knew the following spells:

 Your Spells              Type           Power        Failure   Level  Hunger
a - Passwall              Trmt/Erth      ######....   3%          3    None
c - Lee's Rapid Deconstr  Erth           ######....   1%          5    ####...
d - Petrify               Trmt/Erth      ######..     7%          4    ##.....
x - Stone Arrow           Conj/Erth      #####.       1%          3    None
z - Sandblast             Erth           ######       1%          1    None


Dungeon Overview and Level Annotations

Branches:
Dungeon (14/15)            Temple (1/1) D:5            Lair (0/8) D:10
    Orc (0/4) D:11
 Vaults: D:13-14

Altars:
Ashenzari
Elyvilon
Fedhas
Kikubaaqudgha
Makhleb
Nemelex Xobeh
Okawaru
Qazlal
Sif Muna
Trog
Vehumet
Xom
Zin
The Shining One


Innate Abilities, Weirdness & Mutations

You can breathe waves of freezing cold.
You can buffet flying creatures when you breathe cold.
Your icy white scales are hard (AC +7).
Your body does not fit into most forms of armour.
Your flesh is very cold resistant.
You are cold-blooded and may be slowed by cold attacks.
You tend to lose your temper in combat.
You are somewhat resistant to further mutation.
You occasionally shout uncontrollably at your foes.
You heal slowly when monsters are visible.
Your spells are a little harder to cast, but a little more powerful.


Message History

* * * LOW HITPOINT WARNING * * *
The freezing wraith freezes you. You resist.
* * * LOW HITPOINT WARNING * * *
The freezing wraith barely misses you.
Drink which item? (? for menu, Esc to quit)
You feel much better. The freezing wraith barely misses you.
The freezing wraith hits you but does no damage.
The freezing wraith hits you. The freezing wraith freezes you. You resist.
The freezing wraith misses you. The freezing wraith hits you!
* * * LOW HITPOINT WARNING * * *
The freezing wraith freezes you. You resist.
* * * LOW HITPOINT WARNING * * *
The freezing wraith hits you but does no damage.
The freezing wraith misses you. The freezing wraith hits you.
* * * LOW HITPOINT WARNING * * *
The freezing wraith drains your vigour!
You feel as though you will be slow longer.
* * * LOW HITPOINT WARNING * * *
The freezing wraith barely misses you. The freezing wraith hits you.
You die...

#.W.# #...#
#..W# ...# ##...
##..######
#.W###...##
#..##WW...##
#..#.W@#...#
#....####..#
#...## #..##
##.## ##..## ###
#...## ##....##
#......# ####
##.....####..###
#.......##....#.


You could see 3 freezing wraiths.

Vanquished Creatures
  A hydra (D:13)
  3 skeletal warriors (D:9)
  3 hill giants
  A centaur zombie (D:11)
  Joseph (D:7)
  A yaktaur (shapeshifter) (D:13)
  A freezing wraith (IceCv)
  A troll (D:9)
  2 two-headed ogres (D:10)
  A wolf spider simulacrum (IceCv)
  The ghost of totalnoob the Ducker, an average NaFi (D:3)
  9 yaks
  3 hippogriffs
  A hungry ghost (D:10)
  A water moccasin (D:11)
  Duvessa (D:4)
  2 black bears
  An alligator simulacrum (IceCv)
  4 orc warriors
  4 phantoms
  A sky beast (D:7)
  A centaur (D:7)
  4 ogres
  11 ice beasts
  A crocodile (D:11)
  4 giant frogs
  A wyvern zombie (D:13)
  3 big kobolds
  3 scorpions
  Dowan (D:4)
  12 killer bees
  5 wights (D:11)
  A giant frog zombie (D:7)
  4 crimson imps
  8 jellies
  3 centaur skeletons
  5 hounds
  9 orc wizards
  10 worker ants
  3 orc priests
  3 giant frog skeletons
  11 iguanas
  A polar bear simulacrum (IceCv)
  A wolf simulacrum (IceCv)
  A killer bee zombie (D:6)
  2 worker ant zombies
  11 adders
  7 gnolls
  A river rat (D:10)
  18 white imps
  A shadow imp (D:7)
  An ufetubus (D:13)
  11 oozes
  An adder skeleton (D:7)
  3 worms
  13 giant geckos
  33 orcs
  3 ball pythons
  A bat skeleton (D:7)
  8 giant cockroaches
  16 hobgoblins
  10 jackals
  24 kobolds
  15 bats
  A giant gecko skeleton (D:4)
  9 giant newts
  12 goblins
  2 quokkas
  A quokka zombie (D:7)
  19 rats
372 creatures vanquished.

Vanquished Creatures (others)
  A fungus (D:10)
1 creature vanquished.

Grand Total: 373 creatures vanquished

Notes
Turn   | Place    | Note
--------------------------------------------------------------
     0 | D:1      | namelastname112 the Draconian Earth Elementalist began the quest for the Orb.
     0 | D:1      | Reached XP level 1. HP: 14/14 MP: 3/3
   210 | D:1      | Reached XP level 2. HP: 11/20 MP: 1/5
  1141 | D:2      | Reached XP level 3. HP: 15/26 MP: 7/7
  1566 | D:2      | Reached skill level 4 in Earth Magic
  1718 | D:2      | Reached XP level 4. HP: 29/33 MP: 3/8
  1901 | D:3      | Noticed totalnoob's ghost (average NaFi)
  1980 | D:3      | Killed totalnoob's ghost
  1980 | D:3      | Reached XP level 5. HP: 38/38 MP: 0/11
  2085 | D:3      | Reached skill level 5 in Earth Magic
  2294 | D:3      | Reached XP level 6. HP: 45/45 MP: 12/12
  2299 | D:3      | Learned a level 3 spell: Stone Arrow
  2926 | D:4      | Reached skill level 5 in Spellcasting
  3239 | D:4      | Your scales start taking on a icy white colour.
  3239 | D:4      | Gained mutation: Your flesh is cold resistant. [White Draconian growth]
  3239 | D:4      | Reached XP level 7. HP: 20/50 MP: 8/14
  3449 | D:4      | Reached skill level 6 in Earth Magic
  3638 | D:4      | Noticed Dowan
  3648 | D:4      | Noticed Duvessa
  3681 | D:4      | Killed Dowan
  3971 | D:4      | Killed Duvessa
  4154 | D:5      | Entered Level 5 of the Dungeon
  4466 | D:5      | Found a staircase to the Ecumenical Temple.
  4472 | Temple   | Entered the Ecumenical Temple
  4491 | Temple   | Became a worshipper of Vehumet
  4529 | D:5      | Learned a level 3 spell: Passwall
  4601 | D:5      | Found a glowing drain.
  4608 | Sewer    | Entered a sewer
  5107 | Sewer    | Acquired Vehumet's first power
  5107 | Sewer    | Offered knowledge of Shock by Vehumet.
  5220 | D:5      | Reached skill level 7 in Earth Magic
  5281 | D:5      | Reached XP level 8. HP: 53/58 MP: 17/17
  5511 | D:5      | Found a glowing silver altar of Zin.
  5740 | D:6      | Reached skill level 1 in Staves
  5953 | D:6      | Reached skill level 1 in Fighting
  6199 | D:6      | Offered knowledge of Searing Ray by Vehumet.
  6390 | D:6      | Learned a level 5 spell: Lee's Rapid Deconstruction
  7099 | D:7      | Found an iron altar of Okawaru.
  7410 | D:7      | Found a deep blue altar of Sif Muna.
  7636 | D:7      | Reached XP level 9. HP: 46/70 MP: 15/19
  7693 | D:7      | Found a glowing golden altar of the Shining One.
  7693 | D:7      | Found a blossoming altar of Fedhas.
  7693 | D:7      | Found a shimmering altar of Xom.
  7744 | D:7      | Noticed Joseph
  7761 | D:7      | Reached skill level 8 in Earth Magic
  8082 | D:6      | Learned a level 4 spell: Petrify
  8191 | D:7      | Killed Joseph
  8292 | D:7      | Found an ancient bone altar of Kikubaaqudgha.
  8487 | D:7      | Offered knowledge of Ignite Poison by Vehumet.
  8530 | D:7      | Gained mutation: Your spells are a little harder to cast, but a little more powerful. [mutagenic meat]
  8531 | D:7      | Gained mutation: Your flesh is very cold resistant. [mutagenic meat]
  8532 | D:7      | Gained mutation: You tend to lose your temper in combat. [mutagenic meat]
  8533 | D:7      | Gained mutation: You heal slowly when monsters are visible. [mutagenic meat]
  8534 | D:7      | Gained mutation: You are somewhat resistant to further mutation. [mutagenic meat]
  8653 | D:7      | Gained mutation: You occasionally shout uncontrollably at your foes. [potion of mutation]
  9704 | D:8      | Found a stormy altar of Qazlal.
 10220 | D:8      | Acquired Vehumet's second power
 10340 | D:8      | Found a shattered altar of Ashenzari.
 10568 | D:8      | Found a burning altar of Makhleb.
 11085 | D:8      | Found a bloodstained altar of Trog.
 11178 | D:9      | Reached XP level 10. HP: 70/80 MP: 21/21
 11179 | D:9      | Offered knowledge of Iskenderun's Mystic Blast by Vehumet.
 11313 | D:9      | Noticed a skeletal warrior
 11315 | D:9      | Killed a skeletal warrior
 11315 | D:9      | Reached skill level 9 in Earth Magic
 11316 | D:9      | Noticed a skeletal warrior
 11316 | D:9      | Noticed a skeletal warrior
 11318 | D:9      | Killed a skeletal warrior
 11715 | D:9      | Killed a skeletal warrior
 11715 | D:9      | Reached skill level 5 in Transmutations
 11972 | D:10     | Entered Level 10 of the Dungeon
 11992 | D:10     | Found a white marble altar of Elyvilon.
 12025 | D:10     | Found a staircase to the Lair.
 12052 | D:10     | Acquired Vehumet's third power
 12482 | D:10     | Reached skill level 10 in Earth Magic
 12853 | D:10     | Noticed a hill giant
 12867 | D:10     | Killed a hill giant
 12887 | D:10     | Offered knowledge of Irradiate by Vehumet.
 13958 | D:11     | Reached XP level 11. HP: 85/85 MP: 4/24
 14369 | D:11     | Noticed a hill giant
 14388 | D:11     | Killed a hill giant
 15108 | D:11     | Found a staircase to the Orcish Mines.
 15141 | D:11     | Noticed a hill giant
 15148 | D:11     | Killed a hill giant
 15148 | D:11     | Reached skill level 10 in Spellcasting
 15148 | D:11     | Reached skill level 11 in Earth Magic
 15238 | D:11     | You fall through a shaft for 3 floors!
 15813 | D:13     | Noticed a seven-headed hydra
 15835 | D:13     | Killed a seven-headed hydra
 16454 | D:13     | Offered knowledge of Fireball by Vehumet.
 16712 | D:12     | Found a frozen archway.
 16716 | D:12     | Reached skill level 12 in Earth Magic
 16740 | IceCv    | Entered an ice cave
 16953 | IceCv    | Slain by a freezing wraith

Vault maps used:
D:1:      wheals_arrival_shading, minmay_misc_feat_nine_boxes
D:4:      guppyfry_early_orc_mine, uniq_duvessa
D:5:      zin_treasury, temple_green, first_bread, gup_sewer_entry_bubbles
D:6:      minivault_19
D:7:      nicolae_overflow_crystal_walls, lemuel_blue_sif_altar,
          lemuel_doored_altar, gammafunk_temple_overflow_claw, uniq_joseph
D:8:      bloody_trog, lemuel_coloured_pillars_altar, basic_altar,
          hangedman_little_slice_of_home, cheibrodos_ashenzari_chains
D:9:      hangedman_decor_opposing
D:10:     due_lair_maze_entry_diamond, elyvilon_altar_3
D:11:     orc_0_dummy, kennysheep_generic_room_13
D:12:     portal_ice_cave_entry_imps, minmay_strange_pillars, st_stairs_11,
          amalloy_card_club
D:13:     serial_ice, serial_ice_f, serial_ice_m, serial_ice_i, serial_ice_d,
          serial_ice_o, serial_ice_e, serial_ice_g, serial_ice_c, serial_ice_a,
          serial_ice_b
D:14:     lightli_vaults_fourway_checkpoint, serial_glass, glass_columns_a,
          glass_columns_a, item_on_display_a, feat_on_display, feat_on_display,
          minmay_fountain_box
Temple:   roderic_octagonal_lattice_temple
Sewer:    sewer_fruit_machine
IceCv:    ice_cave_small_necro

Action                   |  1- 3 |  4- 6 |  7- 9 | 10-12 || total
-------------------------+-------+-------+-------+-------++-------
Melee: Dagger            |   138 |    39 |       |       ||   177
       Quarterstaff      |       |    12 |   259 |   239 ||   510
 Cast: Sandblast         |    43 |    76 |   284 |     5 ||   408
       Stone Arrow       |       |     2 |    14 |    54 ||    70
       Passwall          |       |       |     5 |       ||     5
       Lee's Rapid Decon |       |       |     5 |    62 ||    67
       Petrify           |       |       |     5 |    16 ||    21
 Abil: Breathe Frost     |       |       |     8 |     4 ||    12
Evoke: Wand              |       |       |     3 |     1 ||     4
  Use: Potion            |       |       |     6 |     4 ||    10
       Scroll            |       |       |    10 |    19 ||    29
 Stab: Sleeping          |     1 |       |     3 |       ||     4
       Distracted        |       |     1 |       |       ||     1
  Eat: Chunk             |     3 |     4 |    25 |    15 ||    47
       Meat ration       |       |       |     2 |     2 ||     4
       Pizza             |       |       |     2 |       ||     2
       Beef jerky        |       |       |       |     4 ||     4
       Bread ration      |       |       |       |     1 ||     1
       Royal jelly       |       |       |       |     1 ||     1
